 Dungeon Crawl Stone Soup version 0.31.0-11-ge490571c62 (webtiles) character file.

Game seed: 1185635293418341353

145 qw the Skirmisher (level 5, -4/29 HPs)
             Began as a Deep Elf Hunter on Feb 3, 2024.
             Slain by Grinder (5 damage)
             ... on level 3 of the Dungeon.
             The game lasted 00:00:40 (2306 turns).

qw the Skirmisher (Deep Elf Hunter)                 Turns: 2306, Time: 00:00:41

Health: -4/29      AC:  6    Str: 14    XL:     5   Next: 6%
Magic:  7/7        EV: 11    Int: 14    God:
Gold:   1338       SH:  0    Dex: 20    Spells: 4/4 levels left

rFire   . . .        a - +1 shortbow
rCold   . . .        (shield currently unavailable)
rNeg    . . .        b - +0 ring mail
rPois   .            g - +0 helmet
rElec   .            (no cloak)
rCorr   .            (no gloves)
SInv    .            (no boots)
Will    +....        (no amulet)
Stlth   +            f - ring of willpower
HPRegen 0.24/turn    e - +6 ring of strength
MPRegen 0.10/turn

%: no passive effects
@: no status effects
A: no striking features
a: no special abilities


You were on level 3 of the Dungeon.
You visited 1 branch of the dungeon, and saw 3 of its levels.

You collected 1338 gold pieces.


   Skills:
 - Level 1.5 Fighting
 + Level 8.4 Ranged Weapons
 - Level 2.4 Dodging
 - Level 1.2 Stealth


You had 4 spell levels left.
You didn't know any spells.
Your spell library was empty.

Inventory:

Hand Weapons
 a - a +1 shortbow (weapon)
Armour
 b - a +0 ring mail (worn)
 g - a +0 helmet (worn)
 h - a +0 leather armour of poison resistance
Jewellery
 e - a +6 ring of strength (right hand)
 f - a ring of willpower (left hand)
Wands
 l - a wand of charming (4)
Scrolls
 d - 2 scrolls of identify
 j - a scroll of teleportation {unknown}
Potions
 c - a potion of might
 i - a potion of curing
 k - a potion of magic {unknown}
 n - a potion of degeneration {unknown}
 o - a potion of invisibility {unknown}

Dungeon Overview and Level Annotations

Branches:
Dungeon (3/15)

Altars:
Zin

Shops:
D:1 *

Annotations:
D:3 2 transporters, Grinder; qw's ghost, amateur DEHu


Message History

You shoot an arrow. The arrow closely misses the orc.
The orc hits you but does no damage. The orc barely misses you.
You shoot an arrow. The arrow hits the orc.
The orc is heavily wounded.
The orc closely misses you.
You shoot an arrow. The arrow hits the orc.
You kill the orc!
A frilled lizard comes into view.
The frilled lizard moves out of view.
You shoot an arrow.
The arrow closely misses the frilled lizard.
The frilled lizard hisses angrily.
You shoot an arrow. The arrow hits the frilled lizard!
You kill the frilled lizard!
You now have 1324 gold pieces (gained 14).
You now have 1338 gold pieces (gained 14).
Found 6 stones.
You see here 6 stones.
Grinder comes into view.
You shoot an arrow. The arrow hits Grinder!
Grinder shouts!
Grinder is lightly wounded.
Grinder gestures at you. Pain shoots through your body!
2298 ||| FLEEEEING.
You start resting.
Grinder is nearby!
You shoot an arrow. The arrow hits Grinder.
Grinder is lightly wounded.
You shoot an arrow. The arrow barely misses Grinder.
Grinder hits you.
You writhe in agony.
You shoot an arrow. The arrow closely misses Grinder.
Grinder hits you but does no damage.
You shoot an arrow. The arrow hits Grinder.
Grinder is moderately wounded.
Grinder hits you.
You writhe in agony.
You shoot an arrow. The arrow completely misses Grinder.
Grinder hits you!
You writhe in agony.
Grinder hits you.
You writhe in agony.
You die...
Grinder sighs, "Dead already?
I want a refund."

####.# #.# .#
#.# .# #.# 5#
#.# .# ###.#
.# #...# .#
#.##########.#
#.........@5.#
##############


You could see Grinder.

Vanquished Creatures
  Jessica (D:3)
  Ijyb (D:3)
  2 adders (D:2)
  3 dart slugs (D:1)
  6 orcs (D:3)
  7 ball pythons
  6 bats
  3 endoplasms
  8 goblins
  7 hobgoblins
  4 jackals (D:2)
  6 kobolds
  2 quokkas
  3 frilled lizards
  3 rats
62 creatures vanquished.

Notes
Turn   | Place    | Note
-------+----------+-------------------------------------------
     0 | D:1      | qw the Deep Elf Hunter began the quest for the Orb.
     0 | D:1      | Reached XP level 1. HP: 12/12 MP: 3/3
     0 | D:1      | 0 ||| qw: Version: 0.3-a-155-g5e7d8dd
     0 | D:1      | 0 ||| qw: Game counter: 3545
     0 | D:1      | 0 ||| qw: Melee chars always use a shield: true
     0 | D:1      | 0 ||| qw: God list: Okawaru
     0 | D:1      | 0 ||| qw: Allow faded altars: false
     0 | D:1      | 0 ||| qw: Do Orc after clearing Dungeon:15 true
     0 | D:1      | 0 ||| qw: Do second Lair branch before Depths: true
     0 | D:1      | 0 ||| qw: Lair rune preference: random
     0 | D:1      | 0 ||| qw: Goals: Normal
     0 | D:1      | 0 ||| PLANNING D:1-11
    80 | D:1      | Reached skill level 6 in Ranged Weapons
    80 | D:1      | Reached XP level 2. HP: 16/16 MP: 4/4
   114 | D:1      | Found Veituaq's Assorted Antiques.
   128 | D:1      | 128 ||| SHOPLISTING 2 scrolls labelled GULOGI KEXUCAQ (36
                  | gold, have 0).
   128 | D:1      | 128 ||| SHOPLISTING bubbling black potion (16 gold, have
                  | 0).
   128 | D:1      | 128 ||| SHOPLISTING pair of fading gloves (171 gold, have
                  | 0).
   128 | D:1      | 128 ||| SHOPLISTING scroll labelled TIUGHICOYN (18 gold,
                  | have 0).
   225 | D:1      | 225 ||| UPGRADING to ring of willpower.
   226 | D:1      | 226 ||| READING scroll labelled JUEJUIF ULUSYT.
   226 | D:1      | 226 ||| ENCHANTING +0 shortbow.
   227 | D:1      | 227 ||| DROPPING scroll of butterflies.
   248 | D:1      | 248 ||| UPGRADING to +0 ring mail.
   258 | D:1      | 258 ||| DROPPING +0 leather armour.
   366 | D:1      | 366 ||| UPGRADING to +6 ring of strength.
   379 | D:1      | Reached XP level 3. HP: 20/20 MP: 5/5
   498 | D:1      | 498 ||| READING scroll labelled LOMIUSO OPUKH.
   498 | D:1      | 498 ||| IDENTIFYING black potion
   499 | D:1      | 499 ||| DRINKING 2 cyan potions.
   500 | D:1      | 500 ||| DROPPING potion of lignification.
   644 | D:1      | 644 ||| READING scroll labelled HIM TIBOIBLO.
  1358 | D:1      | 1358 ||| UPGRADING to +0 helmet.
  1454 | D:2      | Found a faded altar of an unknown god.
  1477 | D:2      | Reached skill level 7 in Ranged Weapons
  1752 | D:2      | 1752 ||| DROPPING amulet of magic regeneration.
  1754 | D:2      | Reached XP level 4. HP: 25/25 MP: 6/6
  1860 | D:2      | 1860 ||| READING scroll of identify.
  1860 | D:2      | 1860 ||| IDENTIFYING brown potion
  1861 | D:2      | 1861 ||| READING scroll labelled GULOGI KEXUCAQ.
  1862 | D:2      | 1862 ||| READING scroll labelled TINAYKHL CISU.
  1862 | D:2      | Identified a scroll of acquirement
  1862 | D:2      | 1862 ||| ACQUIRING 1198 gold pieces
  1862 | D:2      | Acquired 1198 gold pieces
  1864 | D:2      | 1864 ||| DRINKING 2 viscous puce potions.
  1865 | D:2      | 1865 ||| DROPPING potion of berserk rage.
  1993 | D:3      | Found a glowing silver altar of Zin.
  2001 | D:3      | Found a transporter.
  2001 | D:3      | Found a transporter.
  2001 | D:3      | Noticed qw's ghost (amateur DEHu)
  2030 | D:3      | Noticed Jessica
  2033 | D:3      | Killed Jessica
  2034 | D:3      | Reached skill level 8 in Ranged Weapons
  2203 | D:3      | Noticed Ijyb
  2210 | D:3      | Killed Ijyb
  2211 | D:3      | Reached XP level 5. HP: 29/29 MP: 7/7
  2296 | D:3      | Noticed Grinder
  2298 | D:3      | 2298 ||| FLEEEEING.
  2306 | D:3      | HP: 3/29 [Grinder (8)]
  2306 | D:3      | HP: 1/29 [Grinder (1)]
  2306 | D:3      | Slain by Grinder

Levels and vault maps discovered:
D:1:      dpeg_arrival_morbid_curiosity, layout_rooms, serial_co_window_serial,
          co_window_paths_a, co_window_corner_a, co_window_of_opportunity_a,
          co_window_of_opportunity_a, co_window_corner_a, co_window_paths_a,
          co_window_corner_a, co_window_corner_cb, co_window_2corner,
          co_window_broadway_c, co_window_2corner, co_window_4corner_b,
          co_window_paths_d, glass_columns_c, glass_columns_c, glass_columns_a,
          glass_columns_c, glass_columns_b, serial_shops, shop,
          minmay_pentomino_r2
D:2:      layout_rooms, chequers_ecumenical_altar_simple, minmay_strange_pillars
D:3:      layout_basic, zin_scriptorium, gammafunk_ghost_arena, uniq_grinder,
          uniq_ijyb, uniq_jessica

Skill      XL: |  1  2  3  4 |
---------------+-------------+-----
Ranged Weapons | 6 7 8 |  8.4
Fighting       | |  1.5
Dodging        | |  2.4
Stealth        | |  1.2

Action                     |  1- 3 |  4- 6 || total
---------------------------+-------+-------++-------
   Fire: Shortbow          |   114 |    49 ||   163
    Use: Scroll            |     3 |     3 ||     6
         Potion            |     1 |     1 ||     2
 Armour: Leather armour    |     7 |       ||     7
         Ring mail         |    14 |     7 ||    21
  Dodge: Dodged            |    29 |     2 ||    31

Table legend:
 A = Non-vault XP
 B = Vault XP
 C = Vault XP percentage of total XP
 D = Non-vault monster count
 E = Vault monster count
 F = Vault count percentage of total count
                 A         B        C        D         E       F
            +---------+---------+-------+---------+---------+-------
      Total |     122 |      86 |  41.3 |      53 |       9 |  14.5
            +---------+---------+-------+---------+---------+-------
        D:1 |      38 |      14 |  26.9 |      20 |       7 |  25.9
        D:2 |      53 |       0 |   0.0 |      17 |       0 |   0.0
        D:3 |      31 |      72 |  69.9 |      16 |       2 |  11.1
            +---------+---------+-------+---------+---------+-------
